 Dungeon Crawl Stone Soup version 0.31-a0-865-g3d5d91748a (console) character file.

Game seed: 9131121257776576900

391 petzl the Sneak (level 7, 0/54 HPs)
             Began as a Formicid Delver on Oct 10, 2023.
             Slain by a jelly (2 damage)
             ... on level 4 of the Dungeon.
             The game lasted 00:16:48 (4203 turns).

petzl the Sneak (Formicid Delver)                   Turns: 4203, Time: 00:16:49

Health: 0/54       AC: -6    Str: 17    XL:     7   Next: 8%
Magic:  10/10      EV: 12    Int: 11    God:
Gold:   176        SH:  0    Dex: 15    Spells: 6/10 levels left

rFire   . . .        a - +4 short sword
rCold   . . .        (no shield)
rNeg    . . .        e - +0 leather armour
rPois   .            (helmet unavailable)
rElec   .            (no cloak)
rCorr   .            t - +0 pair of gloves
SInv    +            q - +0 pair of boots
Will    .....        r - amulet of regeneration
Stlth   +++          (no ring)
HPRegen 1.09/turn    (no ring)
MPRegen 0.12/turn

%: no passive effects
@: corroded
A: permanent stasis, dig shafts and tunnels, antennae 3, four strong arms
a: Dig, Shaft Self


You were on level 4 of the Dungeon.
You visited 1 branch of the dungeon, and saw 8 of its levels.

You collected 310 gold pieces.
You spent 134 gold pieces at shops.

Inventory:

Hand Weapons
 a - a +4 short sword (weapon)
 b - a +0 sling
 p - a +0 mace
Armour
 e - a +0 leather armour (worn)
 q - a +0 pair of boots (worn)
 t - a +0 pair of gloves (worn)
Magical Staves
 l - a staff of cold
Jewellery
 r - an amulet of regeneration (around neck)
Scrolls
 c - 3 scrolls of fog
 h - a scroll of acquirement {unknown}
 i - 2 scrolls of immolation {unknown}
 u - a scroll of poison
 v - a scroll of summoning
 w - 3 scrolls of enchant weapon {unknown}
 x - a scroll of revelation
Potions
 f - a potion of brilliance {unknown}
 g - a potion of haste {unknown}
 j - a potion of attraction {unknown}
 k - 2 potions of might {unknown}
 m - a potion of resistance {unknown}
 n - a potion of heal wounds {unknown}
 o - a potion of ambrosia {unknown}
 s - a potion of enlightenment {unknown}


   Skills:
 + Level 4.1 Fighting
 - Level 2.0 Maces & Flails
 + Level 2.0 Ranged Weapons
 - Level 2.0 Armour
 + Level 2.8 Dodging
 - Level 6.0 Stealth
 + Level 2.0 Spellcasting
 * Level 1.6 Conjurations
 * Level 1.4 Air Magic
 * Level 2.4 Poison Magic
 - Level 2.0 Evocations


You had 6 spell levels left.
You knew the following spells:

 Your Spells              Type           Power      Damage    Failure   Level
a - Magic Dart            Conj           16%        1d3       17%         1
b - Mephitic Cloud        Conj/Pois/Air  5%         N/A       43%         3

Your spell library contained the following spells:

 Spells                   Type           Power      Damage    Failure   Level
 Call Imp                 Summ           2%         N/A       45%         2


Dungeon Overview and Level Annotations

Branches:
Dungeon (8/15)             Temple (0/1) D:5
   Lair: D:8-11

Altars:
Ashenzari
Fedhas
Gozag
Okawaru
Wu Jian

Shops:
D:4 *

Annotations:
D:4 exclusions: downstairs and ogre
D:5 exclusions: ogre and 2 sensed monsters (detected), Menkaure
D:6 exclusion: downstairs
D:7 exclusion: downstairs


Innate Abilities, Weirdness & Mutations

You cannot be hasted, slowed, berserked, paralysed or teleported.
You can dig through walls and to a lower floor.
You have a pair of large antennae on your head. (SInv)
Your four strong arms can wield two-handed weapons with a shield.


Message History

The jelly hits you. The acid corrodes you!
You are splashed with acid!
You hit the jelly.
Your hands burn!
The jelly is severely wounded.
The jelly barely misses you.
You hit the jelly but do no damage.
Your hands burn!
The jelly is severely wounded.
The jelly hits you. The acid corrodes you!
You are splashed with acid!
* * * LOW HITPOINT WARNING * * *
Okay, then.
Aiming: Paralyse
Press: ? - help, Shift-Dir - straight line, f - jelly
Aim: a jelly (severely wounded, chance to affect: 63%)
The jelly resists with significant effort.
The jelly hits you.
* * * LOW HITPOINT WARNING * * *
The acid corrodes you!
You are splashed with acid.
* * * LOW HITPOINT WARNING * * *
Aiming: Paralyse
Press: ? - help, Shift-Dir - straight line, f/p - jelly
Aim: a jelly (severely wounded, chance to affect: 63%)
Okay, then.
Unknown command.
Unknown command.
Aiming: Paralyse
Press: ? - help, Shift-Dir - straight line, f/p - jelly
Aim: a jelly (severely wounded, chance to affect: 63%)
The jelly resists with significant effort.
The now-empty wand crumbles to dust.
The jelly barely misses you.
Unknown command.
Unknown command.
You can't shaft yourself on this terrain.
A jelly is nearby!
Are you sure you want to shaft yourself?
The jelly hits you.
* * * LOW HITPOINT WARNING * * *
You are splashed with acid!
* * * LOW HITPOINT WARNING * * *
You begin to dig a shaft.
You continue digging a shaft.
The jelly hits you.
You die...

### #.......>....# #...... #.# .#########
#............# ..O... #.. .........#
#.........)..# ......####.#
..######.###............# .[....+....#
.......(.[..............# ......####.#
....####.###............###############.#
.........................................
##.......#############.####...#########..
.......### #...............# #..
###.##..# #.####.##.###.#.#######..
....###.### #.#<.#......#............
##### #...## #.#.......#.#.#.#######.#
######..# #.#..##.#.#.#.#.# #.#
#.......######.#..##.#.#.#.#.# #.#
#...........##.#.......#.#.#.# #####.#
#.......###.##.##.##.#.#.#.#.# #......
#.......# #..#.............#.# #.#....
#.......# ##...........#.###.# #.#####
#.......# ###.#.@..#..#.# #.###.#####
#.......# #...J.......# #.##.......
#.......######.##.#.#....# #.##....(..
#.......##......#.#.#....# #.##.......
##########.###..#.#.#....# #.##.......
#.# #..#.#.#..#.# #.##......[ #.#
#..#.#.#..#.###.######### #.#
#..#.#.#(.###.......##### #.#
#......#.....?..###.#.... #.#
#....####.###.### #.#.###
#####'#####..#......#.# #.....#
#............#...<#.#.# ###....
#......#...#.####.#.#.#######.)#.
#......#..........#............#.
#......#...#.###..###.####.......
#......#...#.#........# ##.###.#.
#......#...#.###.###### #..# #.#.
#......#...#.###.########.####.#.
#########....#..........._.......


You could see a jelly.

Vanquished Creatures
  A centaur (D:5)
  A scorpion (D:4)
  A hound (D:4)
  An iguana (D:4)
  3 gnolls (D:2)
  6 adders
  A white imp (D:4)
  An ufetubus (D:4)
  2 worms (D:3)
  A dart slug (D:2)
  2 orcs (D:3)
  7 ball pythons
  5 bats
  6 endoplasms
  5 giant cockroaches
  11 goblins
  10 hobgoblins
  10 kobolds
  3 quokkas
  3 frilled lizards
  6 rats
86 creatures vanquished.

Notes
Turn   | Place    | Note
-------+----------+-------------------------------------------
     0 | D:5      | petzl the Formicid Delver began the quest for the Orb.
     0 | D:5      | Reached XP level 1. HP: 18/18 MP: 1/1
   104 | D:7      | Found an ornate altar of the Wu Jian Council.
   161 | D:7      | Noticed a bullfrog
   220 | D:8      | Noticed a centaur
   314 | D:7      | Noticed a wight
   366 | D:6      | Noticed a hound
   414 | D:5      | Noticed an ogre
   505 | D:5      | Noticed a centaur
   513 | D:5      | Noticed an iguana
   618 | D:3      | Found a blossoming altar of Fedhas.
   660 | D:3      | Reached XP level 2. HP: 16/24 MP: 1/3
   720 | D:3      | Reached XP level 3. HP: 28/29 MP: 4/4
   839 | D:2      | Reached skill level 1 in Spellcasting
   886 | D:2      | Reached skill level 1 in Ranged Weapons
   886 | D:2      | Reached skill level 1 in Armour
   886 | D:2      | Reached skill level 1 in Evocations
  1079 | D:1      | Reached XP level 4. HP: 24/36 MP: 5/5
  1907 | D:2      | Learned a level 1 spell: Magic Dart
  1911 | D:2      | Learned a level 3 spell: Mephitic Cloud
  2385 | D:2      | Reached XP level 5. HP: 23/42 MP: 7/7
  2878 | D:3      | Found an iron altar of Okawaru.
  3168 | D:3      | Reached skill level 1 in Poison Magic
  3266 | D:3      | Found an opulent altar of Gozag.
  3393 | D:4      | Found Nimun's Gadget Gallery.
  3398 | D:4      | Bought a wand of paralysis (4) for 134 gold pieces
  3461 | D:5      | Noticed Menkaure
  3542 | D:4      | Noticed an ogre
  3576 | D:4      | Reached skill level 1 in Conjurations
  3622 | D:4      | Reached XP level 6. HP: 48/48 MP: 8/8
  3658 | D:4      | Reached skill level 1 in Air Magic
  3855 | D:4      | Found a broken altar of Ashenzari.
  4109 | D:5      | Noticed an ice beast
  4156 | D:5      | Reached XP level 7. HP: 17/54 MP: 8/10
  4202 | D:4      | HP: 1/54 [acid (10)]
  4203 | D:4      | Slain by a jelly

Illustrated notes

Levels and vault maps discovered:
D:1:      lightli_iron_boxes, layout_basic, minmay_fountain_box
D:2:      layout_rooms
D:3:      layout_basic, okawaru_ov_weapons_minmay, mainiacjoe_overflow_alcove_2,
          fedhas_altar_1, minmay_fractal_squares_diagonal_5
D:4:      layout_basic, ashenzari_altar_1, nicolae_shop_gadgets
D:5:      layout_basic, nicolae_vehumet_radiance,
          nicolae_yredelemnul_corpse_copse, minmay_temple_entry_butterflies,
          uniq_menkaure
D:6:      layout_basic, kiku_gazebo_garden_becter, uniq_duvessa
D:7:      layout_layer_cave, nemelex_spade_bored_becter,
          mainiacjoe_overflow_24_doors, minmay_unpleasant_kobolds, uniq_joseph
D:8:      nzn_winding_woodlands_medium [nzn_winding_woodlands_5x5_open_star,
          nzn_winding_woodlands_5x15_pathside_ponds,
          nzn_winding_woodlands_5x5_checkerboard,
          nzn_winding_woodlands_5x5_default,
          nzn_winding_woodlands_center_diamonds,
          nzn_winding_woodlands_5x5_three, nzn_winding_woodlands_5x5_default,
          nzn_winding_woodlands_5x15_concentric,
          nzn_winding_woodlands_hourglass], layout_loops_ring, zin_academy,
          mainiacjoe_overflow_cross_hatched, nicolae_figureground_pulse,
          uniq_prince_ribbit1, uniq_amaemon, uniq_maggie

Skill      XL: |  1  2  3  4  5  6 |
---------------+-------------------+-----
Dodging        | 2 |  2.8
Spellcasting   | 1 2 |  2.0
Ranged Weapons | 1 2 |  2.0
Armour         | 1 2 |  2.0
Evocations     | 1 2 |  2.0
Poison Magic   | 1 2 |  2.4
Conjurations   | 1 |  1.6
Fighting       | 4 |  4.1
Air Magic      | 1 |  1.4
Maces & Flails | |  2.0
Stealth        | |  6.0

Action                     |  1- 3 |  4- 6 |  7- 9 || total
---------------------------+-------+-------+-------++-------
  Melee: Mace              |    30 |    13 |       ||    43
         Punch             |     1 |     1 |       ||     2
         Short sword       |       |    75 |     6 ||    81
         Staff             |       |    10 |       ||    10
   Fire: Sling             |    59 |   140 |       ||   199
Ability: Dig               |     1 |       |       ||     1
         Shaft Self        |       |       |     1 ||     1
  Evoke: Wand              |     3 |     2 |     2 ||     7
    Use: Scroll            |     2 |     3 |       ||     5
   Stab: Sleeping          |       |     1 |       ||     1
         Paralysed         |       |     2 |       ||     2
 Armour: Leather armour    |    25 |    91 |     7 ||   123
  Dodge: Dodged            |    37 |    93 |     5 ||   135

Table legend: (Time is in decaauts)
 A = Elapsed time spent in this place.
 B = Non-inter-level travel time spent in this place.
 C = Inter-level travel time spent in this place.
 D = Time resting spent in this place.
 E = Time spent auto-exploring this place.
 F = Levels seen in this place.
 G = Mean time per level.
                   A        B        C        D        E       F      G
               +--------+--------+--------+--------+--------+-----+--------+
         Total |   4270 |   4046 |    224 |    370 |   2428 |   8 |  533.8 |
       Dungeon |   4270 |   4046 |    224 |    370 |   2428 |   8 |  533.8 |
               +--------+--------+--------+--------+--------+-----+--------+

Top non-repeatable levels by time:
     D:3: 1018 daAuts
     D:1: 948 daAuts
     D:4: 924 daAuts
     D:2: 825 daAuts
     D:7: 312 daAuts
     D:5: 185 daAuts
     D:6: 54 daAuts
     D:8: 1 daAuts
